 Dungeon Crawl Stone Soup version 0.26-a0-259-g1effd001a9 (webtiles) character file.

Game seed: 16744025793918797757

142 raph the Gusty (level 5, -9/38 HPs)
             Began as a Draconian Air Elementalist on July 11, 2020.
             Killed from afar by Ijyb (24 damage)
             ... with a bolt of acid
             ... on level 3 of the Dungeon on July 12, 2020.
             The game lasted 00:09:26 (2352 turns).

raph the Gusty (Draconian Air Elementalist)         Turns: 2352, Time: 00:09:27

Health: -9/38      AC:  1    Str: 11    XL:     5   Next: 3%
Magic:  0/8        EV: 13    Int: 15    God:
Gold:   110        SH:  0    Dex: 12    Spells: 3/9 levels left

rFire    . . .     SeeInvis .   j - +1 whip (vamp)
rCold    . . .     Faith    .   (no shield)
rNeg     . . .     Spirit   .   (armour unavailable)
rPois    .         Reflect  .   (helmet restricted)
rElec    .         Harm     .   (no cloak)
rCorr    .                      (no gloves)
MR       .....                  (no boots)
Stlth    ++........             f - amulet of regeneration
HPRegen  0.52/turn              (no ring)
MPRegen  0.11/turn              (no ring)

@: corroded
A: unfitting armour, cold-blooded, AC +5
a: no special abilities


You were on level 3 of the Dungeon.
You were not hungry.

You visited 1 branch of the dungeon, and saw 3 of its levels.

You collected 110 gold pieces.

Inventory:

Hand Weapons
 c - a +0 whip
 j - a +1 vampiric whip (weapon)
Missiles
 a - 6 boomerangs (quivered)
 q - 3 datura-tipped darts
Jewellery
 f - an amulet of regeneration (around neck)
Scrolls
 d - a scroll of amnesia {unknown}
 i - a scroll of enchant weapon {unknown}
 k - a scroll of magic mapping {unknown}
 l - a scroll of identify {unknown}
 m - 2 scrolls of teleportation {unknown}
 n - 2 scrolls of noise {unknown}
Potions
 e - 4 potions of curing {unknown}
 g - a potion of might {unknown}
 h - a potion of degeneration {unknown}
 o - a potion of brilliance {unknown}
 p - a potion of heal wounds {unknown}
Comestibles
 b - 8 rations


   Skills:
 + Level 2.6 Dodging
 - Level 2.2 Stealth
 - Level 2.5 Spellcasting
 * Level 2.1 Conjurations
 * Level 4.2 Air Magic


You had 3 spell levels left.
You knew the following spells:

 Your Spells              Type           Power        Failure   Level
a - Shock                 Conj/Air       ##..         5%          1
b - Swiftness             Chrm/Air       #.......     13%         2
c - Static Discharge      Conj/Air       ##......     17%         3

Your spell library contained the following spells:

 Spells                   Type           Power        Failure   Level
 Airstrike                Air            ##........   36%         4
 Lightning Bolt           Conj/Air       ##........   83%         5


Dungeon Overview and Level Annotations

Branches:
Dungeon (3/15)

Altars:
Ashenzari

Annotations:
D:3 Ijyb


Innate Abilities, Weirdness & Mutations

Your plain brown scales are hard. (AC +5)
You cannot fit into any form of body armour.
You are cold-blooded and may be slowed by cold attacks.


Message History

The zap hits Ijyb.
Ijyb is almost dead.
The zap misses Ijyb.
Ijyb zaps a wand.
The bolt of acid hits you! The acid corrodes you!
You are splashed with acid!
Unknown command.
Casting: Shock (safe; 5% risk of failure)
Confirm with . or Enter, or press ? or * to list all spells.
Aiming: Shock (safe; 5% risk of failure)
Press: ? - help, Shift-Dir - straight line The zap misses Ijyb.
The zap hits Ijyb but does no damage.
Ijyb is almost dead.
Ijyb misses you.
You hit Ijyb but do no damage.
Ijyb is almost dead.
Ijyb hits you with a +0 dagger.
You barely miss Ijyb.
Ijyb is almost dead.
Ijyb zaps a wand.
The bolt of acid hits you!!
Ouch! That really hurt!
You die...

......... #.# # ........# #.# ###
........# #.# ... .......g#
#.#.###### ........# #.#.#..#..
........# #.#....#.# ........#
##.###.#... ........##
########.........#
.........#######@..........#....#
#..............g##########.#....#
#...###.######### #.#..... #...
#.# #.##.### #.. #.# #..... . #.
... #(###### .## #.# # .. #


You could see Ijyb.

Vanquished Creatures
  Jessica (D:2)
  Terence (D:1)
  5 adders
  3 dart slugs
  3 leopard geckos
  7 bats
  2 giant cockroaches
  4 goblins
  4 hobgoblins
  A quokka (D:3)
  3 frilled lizards
  6 kobolds
  5 rats
45 creatures vanquished.

Notes
Turn   | Place    | Note
-------+----------+-------------------------------------------
     0 | D:1      | raph the Draconian Air Elementalist began the quest for the
                  | Orb.
     0 | D:1      | Reached XP level 1. HP: 14/14 MP: 3/3
   192 | D:1      | Reached XP level 2. HP: 18/20 MP: 0/5
   227 | D:1      | Learned a level 2 spell: Swiftness
   947 | D:2      | Noticed Terence
   972 | D:1      | Killed Terence
   972 | D:1      | Reached XP level 3. HP: 19/26 MP: 0/6
  1102 | D:2      | Found a shattered altar of Ashenzari.
  1185 | D:2      | Reached XP level 4. HP: 32/33 MP: 2/7
  1268 | D:2      | Learned a level 3 spell: Static Discharge
  1760 | D:2      | Noticed Jessica
  1766 | D:2      | Killed Jessica
  1766 | D:2      | Reached skill level 4 in Air Magic
  2279 | D:3      | Reached XP level 5. HP: 38/38 MP: 5/8
  2327 | D:3      | Noticed Ijyb
  2352 | D:3      | Killed from afar by Ijyb

Illustrated notes

Levels and vault maps discovered:
D:1:      tarquinn_simple_flora_water_f, layout_basic
D:2:      layout_loops_ring, first_ration, nicolae_ashenzari_panopticon,
          uniq_jessica, uniq_terence
D:3:      layout_basic, led_sif_pool, old_standard_altar, tso_oasis_becter,
          fedhas_altar_fruit_tree, uniq_ijyb, uniq_sigmund

Skill      XL: |  1  2  3  4 |
---------------+-------------+-----
Dodging        | 2 |  2.6
Stealth        | 2 |  2.2
Conjurations   | 2 |  2.1
Air Magic      | 4 |  4.2
Spellcasting   | |  2.5

Action                   |  1- 3 |  4- 6 || total
-------------------------+-------+-------++-------
Melee: Unarmed           |    12 |       ||    12
       Tailslap          |     4 |     1 ||     5
       Whip              |    33 |    25 ||    58
 Cast: Shock             |    48 |    30 ||    78
       Static Discharge  |       |     1 ||     1
 Stab: Sleeping          |       |     1 ||     1
  Eat: Ration            |     1 |     1 ||     2
Armor: Skin              |    21 |    15 ||    36
Dodge: Dodged            |    50 |    38 ||    88

Table legend:
 A = Non-vault XP
 B = Vault XP
 C = Vault XP percentage of total XP
 D = Non-vault monster count
 E = Vault monster count
 F = Vault count percentage of total count
                 A         B        C        D         E       F
            +---------+---------+-------+---------+---------+-------
      Total |     134 |      69 |  34.0 |      43 |       2 |   4.4
            +---------+---------+-------+---------+---------+-------
        D:1 |      33 |      32 |  49.2 |      18 |       1 |   5.3
        D:2 |      85 |      37 |  30.3 |      22 |       1 |   4.3
        D:3 |      16 |       0 |   0.0 |       3 |       0 |   0.0
            +---------+---------+-------+---------+---------+-------
